MLB
SAN DIEGO PADRES @ SAN FRANCISCO GIANTS
06/04/2020
 
TOP OF THE 1ST
San Diego Padres batting - Pitching for San Francisco Giants : RHP James Marvel
Pitching: RHP James Marvel
Batting: SHB Victor Caratini 0-0: Ball
1-0: DOUBLE (Line Drive, 89D, EV 106.9 MPH)
Batting: SHB Carlos Santana 0-0: Ball
1-0: Called Strike
1-1: Foul Ball, location: 2F
1-2: Ball
2-2: Ball
3-2: Ground out 6-3 (Groundball, 4M, EV 100.6 MPH)
Victor Caratini to third
Batting: RHB Jose Altuve 0-0: Ground out 5-3 (Groundball, 56, EV 103.1 MPH)
Victor Caratini scores
Batting: LHB Max Kepler 0-0: Foul Ball, location: 2F
0-1: Swinging Strike
0-2: Fly out, F5 (Popup, 15, EV 80.6 MPH)
Top of the 1st over - 1 run, 1 hit, 0 errors, 0 left on base; San Diego 1 - San Francisco 0
BOTTOM OF THE 1ST
San Francisco Giants batting - Pitching for San Diego Padres : RHP Chad Kuhl
Pitching: RHP Chad Kuhl
Batting: LHB Cavan Biggio 0-0: Ball
1-0: Called Strike
1-1: SINGLE (Flyball, 56D, EV 83.1 MPH)
Batting: RHB Austin Slater 0-0: Ball
1-0: Called Strike
1-1: Ball
2-1: Ground out 4-3 (Groundball, 34, EV 96.3 MPH)
Cavan Biggio to second
Batting: RHB Tim Anderson 0-0: SINGLE (Line Drive, 34D, EV 96.9 MPH)
Cavan Biggio to third
Runner from 3rd tries for Home, SAFE, throw by RF to home
Batting: RHB Hunter Dozier Pickoff Throw to First - Out! 1-3
0-0: Ball
1-0: Foul Ball, location: 2F
1-1: Swinging Strike
1-2: Foul Ball, location: 2F
1-2: Fly out, F7 (Flyball, 78D, EV 99.4 MPH)
Bottom of the 1st over - 1 run, 2 hits, 0 errors, 0 left on base; San Diego 1 - San Francisco 1
TOP OF THE 2ND
San Diego Padres batting - Pitching for San Francisco Giants : RHP James Marvel
Batting: RHB Hunter Renfroe 0-0: Called Strike
0-1: Ball
1-1: Ball
2-1: SINGLE (Line Drive, 4MD, EV 103.1 MPH)
Batting: RHB Amed Rosario Pickoff Throw to First - Out! 1-3
0-0: Ball
1-0: Foul Ball, location: 2F
1-1: Swinging Strike
1-2: SINGLE (Line Drive, 9S, EV 91.3 MPH)
Batting: RHB Lorenzo Cain 0-0: Ball
1-0: Called Strike
1-1: Ball
2-1: Foul Ball, location: 2F
2-2: DOUBLE (Line Drive, 89M, EV 96.9 MPH)
Amed Rosario to third
Runner from 3rd tries for Home, SAFE, throw by RF to home
Batting: RHB Chad Kuhl 0-0: Called Strike
0-1: Ball
1-1: Ball
2-1: Foul Ball, location: 2F
2-2: Strikes out swinging
Batting: RHB Christian Arroyo 0-0: Ball
Wild Pitch!
Lorenzo Cain to third
1-0: Ball
2-0: Swinging Strike
2-1: Ball
3-1: Base on Balls
Batting: SHB Victor Caratini 0-0: Ball
1-0: Foul Ball, location: 2F
1-1: Ball
2-1: Swinging Strike
2-2: Strikes out swinging
Top of the 2nd over - 1 run, 3 hits, 0 errors, 2 left on base; San Diego 2 - San Francisco 1
BOTTOM OF THE 2ND
San Francisco Giants batting - Pitching for San Diego Padres : RHP Chad Kuhl
Batting: LHB Ryan Schimpf 0-0: Called Strike
0-1: Ball
1-1: Swinging Strike
1-2: Ball
2-2: Ball
3-2: Strikes out looking
Batting: LHB Justin Williams 0-0: Ball
1-0: Called Strike
1-1: Foul Ball, location: 2F
1-2: Foul Ball, location: 2F
1-2: Ground out 4-3 (Groundball, 4, EV 91.9 MPH)
Batting: LHB Travis Jankowski 0-0: Foul Ball, location: 2F
0-1: Swinging Strike
0-2: Ball
1-2: Ball
2-2: Strikes out swinging
Bottom of the 2nd over - 0 runs, 0 hits, 0 errors, 0 left on base; San Diego 2 - San Francisco 1
TOP OF THE 3RD
San Diego Padres batting - Pitching for San Francisco Giants : RHP James Marvel
Batting: SHB Carlos Santana 0-0: Called Strike
0-1: Ball
1-1: Foul Ball, location: 2F
1-2: Ball
2-2: Fly out, F9 (Flyball, 89XD, EV 101.3 MPH)
Batting: RHB Jose Altuve 0-0: Ball
1-0: Ground out 6-3 (Groundball, 6, EV 105.0 MPH)
Batting: LHB Max Kepler 0-0: Ball
1-0: Called Strike
1-1: SINGLE (Line Drive, 89S, EV 100.0 MPH)
Batting: RHB Hunter Renfroe 0-0: Ground out 1-3 (Groundball, 15S, EV 66.9 MPH)
Top of the 3rd over - 0 runs, 1 hit, 0 errors, 1 left on base; San Diego 2 - San Francisco 1
BOTTOM OF THE 3RD
San Francisco Giants batting - Pitching for San Diego Padres : RHP Chad Kuhl
Batting: RHB John Ryan Murphy 0-0: Ground out 1-3 (Groundball, P, EV 68.1 MPH)
Batting: RHB James Marvel 0-0: Swinging Strike
0-1: Called Strike
0-2: Ball
1-2: Ball
2-2: Ball
3-2: Strikes out swinging
Batting: LHB Cavan Biggio 0-0: Called Strike
0-1: Called Strike
0-2: Ball
1-2: Fly out, F7 (Line Drive, 7D, EV 98.1 MPH)
Bottom of the 3rd over - 0 runs, 0 hits, 0 errors, 0 left on base; San Diego 2 - San Francisco 1
TOP OF THE 4TH
San Diego Padres batting - Pitching for San Francisco Giants : RHP James Marvel
Batting: RHB Amed Rosario 0-0: Foul Ball, location: 2F
0-1: Foul Ball, location: 2F
0-2: Ground out 5-3 (Groundball, 56, EV 95.6 MPH)
Batting: RHB Lorenzo Cain 0-0: Ball
1-0: Ball
2-0: Foul Ball, location: 2F
2-1: Ball
3-1: Called Strike
3-2: Foul Ball, location: 2F
3-2: Foul Ball, location: 2F
3-2: Foul Ball, location: 2F
3-2: Ground out 4-3 (Groundball, 4, EV 88.1 MPH)
Batting: RHB Chad Kuhl 0-0: Ball
1-0: Called Strike
1-1: Ball
2-1: Called Strike
2-2: Strikes out swinging
Top of the 4th over - 0 runs, 0 hits, 0 errors, 0 left on base; San Diego 2 - San Francisco 1
BOTTOM OF THE 4TH
San Francisco Giants batting - Pitching for San Diego Padres : RHP Chad Kuhl
Batting: RHB Austin Slater 0-0: Ball
1-0: Called Strike
1-1: Ball
2-1: SINGLE (Line Drive, 9S, EV 90.0 MPH)
Batting: RHB Tim Anderson 0-0: Ball
1-0: Called Strike
1-1: Ball
2-1: Swinging Strike
2-2: Fly out, F8 (Flyball, 78XD, EV 84.4 MPH)
Batting: RHB Hunter Dozier Pickoff Throw to First - Error! E1
Austin Slater to second
0-0: Ball
1-0: Ball
2-0: Called Strike
2-1: Ball
3-1: Swinging Strike
3-2: Strikes out swinging
Batting: LHB Ryan Schimpf 0-0: Called Strike
0-1: Ground out 4-3 (Groundball, 4, EV 100.0 MPH)
Bottom of the 4th over - 0 runs, 1 hit, 1 error, 1 left on base; San Diego 2 - San Francisco 1
TOP OF THE 5TH
San Diego Padres batting - Pitching for San Francisco Giants : RHP James Marvel
Batting: RHB Christian Arroyo 0-0: Ball
1-0: Ball
2-0: Foul Ball, location: 2F
2-1: Ball
3-1: Fly out, F9 (Flyball, 9S, EV 81.3 MPH)
Batting: SHB Victor Caratini 0-0: Ball
1-0: Called Strike
1-1: Ball
2-1: Foul Ball, location: 2F
2-2: Ball
3-2: Foul Ball, location: 2F
3-2: Base on Balls
Batting: SHB Carlos Santana 0-0: Called Strike
0-1: Fly out, F9 (Flyball, 9LM, EV 86.9 MPH)
Batting: RHB Jose Altuve 0-0: Ball
1-0: Ground out 6-3 (Groundball, P, EV 78.1 MPH)
Top of the 5th over - 0 runs, 0 hits, 0 errors, 1 left on base; San Diego 2 - San Francisco 1
BOTTOM OF THE 5TH
San Francisco Giants batting - Pitching for San Diego Padres : RHP Chad Kuhl
Batting: LHB Justin Williams 0-0: Called Strike
0-1: Foul Ball, location: 2F
0-2: Ball
1-2: Ball
2-2: Fly out, F7 (Flyball, 78D, EV 103.8 MPH)
Batting: LHB Travis Jankowski 0-0: Foul Ball, location: 2F
0-1: Ball
1-1: Ball
2-1: Ball
3-1: Ground out 6-3 (Groundball, 56, EV 89.4 MPH)
Batting: RHB John Ryan Murphy 0-0: Foul Ball, location: 2F
0-1: Foul Ball, location: 2F
0-2: Ball
1-2: Ball
2-2: Fly out, F8 (Line Drive, 8RM, EV 89.4 MPH)
Bottom of the 5th over - 0 runs, 0 hits, 0 errors, 0 left on base; San Diego 2 - San Francisco 1
TOP OF THE 6TH
San Diego Padres batting - Pitching for San Francisco Giants : RHP James Marvel
Pitching: RHP Tommy Hunter
Batting: LHB Max Kepler 0-0: Called Strike
0-1: Ball
1-1: Ball
2-1: Ball
3-1: Ground out 3-1 (Groundball, 3L, EV 100.6 MPH)
Batting: RHB Hunter Renfroe 0-0: Ball
1-0: Called Strike
1-1: Swinging Strike
1-2: Strikes out swinging
Batting: RHB Amed Rosario 0-0: Ball
1-0: Swinging Strike
1-1: Ball
2-1: Ball
3-1: Foul Ball, location: 2F
3-2: Ground out 6-3 (Groundball, 6, EV 83.8 MPH)
Top of the 6th over - 0 runs, 0 hits, 0 errors, 0 left on base; San Diego 2 - San Francisco 1
BOTTOM OF THE 6TH
San Francisco Giants batting - Pitching for San Diego Padres : RHP Chad Kuhl
Pinch Hitting: SHB Melky Cabrera 0-0: Ball
1-0: Called Strike
1-1: SINGLE (Groundball, 34D, EV 101.3 MPH)
Batting: LHB Cavan Biggio 0-0: Ball
1-0: Called Strike
1-1: Fielders Choice at 2nd, 2-6 (Groundball, 13S, EV 71.9 MPH)
Batting: RHB Austin Slater 0-0: Ball
1-0: Ball
2-0: Ball
3-0: Called Strike
3-1: Fly out, F7 (Flyball, 78D, EV 101.3 MPH)
Batting: RHB Tim Anderson 0-0: Foul Ball, location: 2F
0-1: Fly out, F7 (Flyball, 7LM, EV 87.5 MPH)
Bottom of the 6th over - 0 runs, 1 hit, 0 errors, 1 left on base; San Diego 2 - San Francisco 1
TOP OF THE 7TH
San Diego Padres batting - Pitching for San Francisco Giants : RHP Tommy Hunter
Pitching: RHP Joe Kuzia
Batting: RHB Lorenzo Cain 0-0: Called Strike
0-1: Ball
1-1: Ball
2-1: Ball
3-1: Called Strike
3-2: Strikes out looking
Pinch Hitting: LHB Brian Goodwin 0-0: Called Strike
0-1: Ball
1-1: Swinging Strike
1-2: Foul Ball, location: 2F
1-2: Foul Ball, location: 2F
1-2: Ball
2-2: Ball
3-2: Base on Balls
Batting: RHB Christian Arroyo 0-0: Called Strike
0-1: Ball
1-1: Ball
2-1: Foul Ball, location: 2F
2-2: Foul Ball, location: 2F
2-2: SINGLE (Groundball, 34, EV 97.5 MPH)
Brian Goodwin to second
Runner from 2nd tries for 3rd, SAFE, throw by RF made to third
Batting: SHB Victor Caratini 0-0: Swinging Strike
0-1: Ball
1-1: SINGLE (Groundball, 34D, EV 99.4 MPH)
Brian Goodwin scores
Christian Arroyo to second
Runner from 2nd tries for 3rd, SAFE, throw by RF made to third
Batting: SHB Carlos Santana 0-0: Called Strike
0-1: Ground out 6-3 (Groundball, 6M, EV 91.9 MPH)
Victor Caratini to second
Batting: RHB Jose Altuve 0-0: Ball
1-0: Called Strike
1-1: Ball
2-1: Ball
3-1: Base on Balls
Pitching: RHP Brooks Kriske
Batting: LHB Max Kepler 0-0: Called Strike
0-1: Ball
1-1: Swinging Strike
1-2: Strikes out swinging
Top of the 7th over - 1 run, 2 hits, 0 errors, 3 left on base; San Diego 3 - San Francisco 1
BOTTOM OF THE 7TH
San Francisco Giants batting - Pitching for San Diego Padres : RHP Chad Kuhl
Pitching: LHP Scott Alexander
Batting: RHB Hunter Dozier 0-0: Called Strike
0-1: Ball
1-1: Foul Ball, location: 2F
1-2: Fly out, F7 (Line Drive, 7, EV 92.5 MPH)
Batting: LHB Ryan Schimpf 0-0: Ball
1-0: Ball
2-0: Foul Ball, location: 2F
2-1: Foul Ball, location: 2F
2-2: Ground out 4-3 (Groundball, 4, EV 109.4 MPH)
Batting: LHB Justin Williams 0-0: Ball
1-0: Called Strike
1-1: Foul Ball, location: 2F
1-2: Ground out U3 (Groundball, 3, EV 78.8 MPH)
Bottom of the 7th over - 0 runs, 0 hits, 0 errors, 0 left on base; San Diego 3 - San Francisco 1
TOP OF THE 8TH
San Diego Padres batting - Pitching for San Francisco Giants : RHP Brooks Kriske
Pitching: RHP Ben Rowen
Batting: RHB Hunter Renfroe 0-0: Ball
1-0: Called Strike
1-1: Foul Ball, location: 2F
1-2: Strikes out swinging
Batting: RHB Amed Rosario 0-0: Called Strike
0-1: SINGLE (Groundball, 5S, EV 71.3 MPH) (infield hit)
Batting: RHB Lorenzo Cain 0-0: Fly out, F8 (Line Drive, 8RM, EV 99.4 MPH)
Pinch Hitting: RHB Justin Upton 0-0: Called Strike
0-1: Foul Ball, location: 2F
0-2: Ball
1-2: Ball
Wild Pitch!
Amed Rosario to second
2-2: Ball
3-2: Intentional Walk
Batting: RHB Christian Arroyo 0-0: Called Strike
0-1: Ground out 4-3 (Groundball, 4, EV 88.8 MPH)
Top of the 8th over - 0 runs, 1 hit, 0 errors, 2 left on base; San Diego 3 - San Francisco 1
BOTTOM OF THE 8TH
San Francisco Giants batting - Pitching for San Diego Padres : LHP Scott Alexander
Pitching: RHP Drew Steckenrider
Batting: LHB Travis Jankowski 0-0: Ball
1-0: Fly out, F9 (Flyball, 89S, EV 86.3 MPH)
Batting: RHB John Ryan Murphy 0-0: Called Strike
0-1: Ball
1-1: SINGLE (Line Drive, 78S, EV 102.5 MPH)
Pinch Hitting: RHB David Bote 0-0: Ball
1-0: SINGLE (Line Drive, 78S, EV 98.1 MPH)
John Ryan Murphy to second
Batting: LHB Cavan Biggio 0-0: Called Strike
0-1: Called Strike
0-2: Ball
1-2: Ball
2-2: Ball
3-2: Base on Balls
John Ryan Murphy to third
David Bote to second
Batting: RHB Austin Slater 0-0: Grounds into fielders choice 6-2 (Groundball, 56, EV 88.8 MPH)
David Bote to third
Cavan Biggio to second
Batting: RHB Tim Anderson 0-0: Ground out 6-3 (Groundball, 6D, EV 107.5 MPH)
Bottom of the 8th over - 0 runs, 2 hits, 0 errors, 3 left on base; San Diego 3 - San Francisco 1
TOP OF THE 9TH
San Diego Padres batting - Pitching for San Francisco Giants : RHP Ben Rowen
Pitching: RHP Josh Martin
Batting: SHB Victor Caratini 0-0: Ball
1-0: Swinging Strike
1-1: Ball
2-1: Called Strike
2-2: Ball
3-2: Base on Balls
Batting: SHB Carlos Santana 0-0: Swinging Strike
0-1: Foul Ball, location: 2F
0-2: Ball
1-2: Foul Ball, location: 2F
1-2: Foul Ball, location: 2F
1-2: Foul Ball, location: 2F
1-2: Ball
2-2: Ball
3-2: Foul Ball, location: 2F
3-2: Ground out 6-3 (Groundball, 4, EV 100.0 MPH)
Victor Caratini to second
Batting: RHB Jose Altuve 0-0: Ball
1-0: Ball
2-0: Foul Ball, location: 2F
2-1: Called Strike
2-2: Ball
3-2: SINGLE (Flyball, 78S, EV 88.1 MPH)
Victor Caratini to third
Runner from 3rd tries for Home, throw by LF and OUT! 7-2
Jose Altuve to second
Batting: LHB Max Kepler 0-0: Intentional Walk
Pitching: RHP Frank Rubio
Batting: RHB Hunter Renfroe 0-0: SINGLE (Flyball, 56D, EV 91.3 MPH)
Jose Altuve to third
Max Kepler to second
Runner from 3rd tries for Home, SAFE, throw by LF to home
Batting: RHB Amed Rosario 0-0: Called Strike
0-1: Foul Ball, location: 2F
0-2: Fly out, F3 (Popup, 23F, EV 85.0 MPH)
Top of the 9th over - 1 run, 2 hits, 0 errors, 2 left on base; San Diego 4 - San Francisco 1
BOTTOM OF THE 9TH
San Francisco Giants batting - Pitching for San Diego Padres : RHP Drew Steckenrider
Pitching: LHP Aroldis Chapman
Batting: RHB Hunter Dozier 0-0: SOLO HOME RUN (Flyball, 7D, EV 104.4 MPH), Distance : 420 ft
Batting: LHB Ryan Schimpf 0-0: Swinging Strike
0-1: Ball
1-1: Swinging Strike
1-2: Ball
2-2: Ball
3-2: Strikes out swinging
Batting: LHB Justin Williams 0-0: Ball
1-0: Called Strike
1-1: Ball
2-1: Called Strike
2-2: Ball
3-2: DOUBLE (Line Drive, 7LM, EV 95.6 MPH)
Pinch Hitting: RHB Welington Castillo 0-0: Ball
1-0: Swinging Strike
1-1: Called Strike
1-2: Ball
2-2: Ball
3-2: Base on Balls
Pitching: RHP R.J. Alvarez
Pinch Hitting: LHB Daniel Palka 0-0: Called Strike
0-1: Called Strike
0-2: Ball
1-2: Ball
2-2: Ball
3-2: Fielders Choice at 2nd, 1-4 (Groundball, 15, EV 64.4 MPH)
Justin Williams to third
Pinch Hitting: LHB Steven Duggar 0-0: Foul Ball, location: 2F
0-1: Ball
1-1: Foul Ball, location: 2F
1-2: Strikes out looking
Bottom of the 9th over - 1 run, 2 hits, 0 errors, 2 left on base; San Diego 4 - San Francisco 2
Wednesday, July 22nd, 2020 - OOTP Baseball 21.5 Build 71